 Dungeon Crawl Stone Soup version 0.24.0-37-gcf1ca852f1 (webtiles) character file.

Game seed: 4472042348073657267, levelgen mode: deterministic

65 Descartes the Sneak (level 3, -2/17 HPs)
             Began as a Felid Monk on Nov 24, 2019.
             Slain by a kobold
             ... wielding a +0 dagger of flaming
              (3 damage)
             ... on level 2 of the Dungeon.
             The game lasted 00:03:46 (1443 turns).

Descartes the Sneak (Felid Monk)                    Turns: 1443, Time: 00:03:48

Health: -2/17      AC:  1    Str:  8    XL:     3   Next: 94%
Magic:  4/4        EV: 19    Int: 11    God:
Gold:   54         SH:  0    Dex: 18    Spells: 2/2 levels left
                                        Lives:  0   Deaths: 0

rFire    . . .     SeeInvis +     - Unarmed
rCold    . . .     Gourm    .   (shield unavailable)
rNeg     . . .     Faith    .   (armour unavailable)
rPois    .         Spirit   .   (helmet unavailable)
rElec    .         Reflect  .   (cloak unavailable)
rCorr    .         Harm     .   (gloves unavailable)
MR       .....                  (boots unavailable)
Stlth    ++++......             (no amulet)
HPRegen  0.05/turn              (no ring)
MPRegen  0.09/turn              (no ring)

@: quick
A: very small, no armour, no weapons or thrown items, stealth, claws 1, fangs 3,
see invisible, carnivore, speed 1, shaggy fur 1, slow metabolism 1, sharp paws
a: no special abilities


You were on level 2 of the Dungeon.
You were completely stuffed.

You visited 1 branch of the dungeon, and saw 2 of its levels.

You collected 54 gold pieces.

Inventory:

Missiles
 h - 90 stones
 l - 18 arrows
Scrolls
 c - a scroll of noise
 d - a scroll of remove curse {unknown}
 e - a scroll of amnesia {unknown}
 j - a scroll of enchant weapon {unknown}
 m - a scroll of fear {unknown}
Potions
 b - a potion of resistance
 f - a potion of curing
 i - 2 potions of mutation {unknown}
 k - a potion of flight
Comestibles
 a - 3 rations
 g - 4 chunks of flesh


   Skills:
 - Level 3.0 Fighting
 - Level 4.0 Dodging
 * Level 5.2 Stealth
 + Level 3.7 Unarmed Combat


You had 2 spell levels left.
You didn't know any spells.
Your spell library was empty.

Dungeon Overview and Level Annotations

Branches:
Dungeon (2/15)

Altars:
Xom


Innate Abilities, Weirdness & Mutations

You cannot wear armour.
You are incapable of wielding weapons or throwing items.
Your paws allow you to move quietly. (Stealth)
You have sharp claws.
You have razor-sharp teeth.
You have supernaturally acute eyesight. (SInv)
You are carnivorous and can eat meat at any time.
You cover ground quickly.
You are covered in fur. (AC +1)
You have a slow metabolism.
Your sharp claws are effective at attacking unaware monsters.


Message History

You miss the leopard gecko.
The leopard gecko is almost dead.
The leopard gecko misses you.
The kobold hits you with a +0 dagger of flaming.
The kobold burns you. The leopard gecko misses you.
You are too injured to fight recklessly!
You are too injured to fight recklessly!
You scratch the kobold. You bite the kobold, but do no damage.
The kobold is moderately wounded.
The kobold hits you but does no damage. The leopard gecko closely misses you.
You closely miss the kobold. Your claw misses the kobold.
The kobold is moderately wounded.
The kobold completely misses you. The leopard gecko bites you.
You scratch the kobold but do no damage.
Your bite misses the kobold.
The kobold is moderately wounded.
The kobold hits you with a +0 dagger of flaming.
* * * LOW HITPOINT WARNING * * *
The kobold burns you.
You die...

...........).#......##.......#
...........รท.#......########.#
.............#......#
.>..................#
##..................#
#...#.##...........# .##..
.#####......# ...
..#####......# #.
.......l@..#### ...?..K...#
..........# ............
............. ..###.....###.. .
####### .


You could see a leopard gecko and a kobold.

Vanquished Creatures
  3 adders (D:2)
  A dart slug (D:2)
  A leopard gecko (D:1)
  2 giant cockroaches
  4 goblins (D:2)
  2 hobgoblins (D:1)
  4 bats (D:1)
  4 frilled lizards (D:1)
  5 kobolds
  15 rats
41 creatures vanquished.

Notes
Turn   | Place    | Note
-------+----------+-------------------------------------------
     0 | D:1      | Descartes the Felid Monk began the quest for the Orb.
     0 | D:1      | Reached XP level 1. HP: 10/10 MP: 2/2
   155 | D:1      | Reached skill level 3 in Stealth
   245 | D:1      | Reached XP level 2. HP: 14/14 MP: 3/3
   504 | D:1      | Reached skill level 4 in Stealth
   759 | D:2      | Reached XP level 3. HP: 17/17 MP: 4/4
   771 | D:2      | Found a shimmering altar of Xom.
  1158 | D:2      | Reached skill level 5 in Stealth
  1443 | D:2      | Slain by a kobold

Levels and vault maps discovered:
D:1:      roderic_chinese_lattice_arrival, layout_basic
D:2:      layout_basic, grunt_temple_overflow_order_and_chaos_2,
          old_standard_altar, amethyst_overflow_temple_binary,
          chequers_ecumenical_altar_lobes, uniq_terence

Skill      XL: |  1  2  3 |
---------------+----------+-----
Stealth        | 3 4 5 |  5.2
Fighting       | |  3.0
Dodging        | |  4.0
Unarmed Combat | |  3.7

Action                   || total
-------------------------++-------
Melee: Unarmed           ||    93
       Bite              ||     6
       Punch             ||     1
  Use: Potion            ||     3
       Scroll            ||     2
 Stab: Sleeping          ||    12
  Eat: Chunk             ||     8
Armor: Skin              ||     1
Dodge: Dodged            ||    61
